 Dungeon Crawl Stone Soup version 0.23-a0-632-gb80182b (webtiles) character file.

818414 EvilAliv3 the Rapturous (level 27, -7/138 HPs)
             Began as a Vine Stalker Fighter on Dec 20, 2018.
             Was a Follower of Uskayaw.
             Mangled by a large abomination (26 damage)
             ... summoned by Mnoleg
             ... while paralysed by a floating eye
             ... in Pandemonium on Dec 26, 2018.
             The game lasted 15:01:52 (73080 turns).

EvilAliv3 the Rapturous (Vine Stalker Fighter)     Turns: 73080, Time: 15:01:53

Health: -7/138     AC: 32    Str: 27      XL:     27
Magic:  0/39       EV:  2    Int: 19 (21) God:    Uskayaw [*.....]
Gold:   3293       SH:  0    Dex: 31      Spells: 3/46 levels left

rFire    + . .     SeeInvis .   a - +12 short sword of Zugyrer {elec, +Inv}
rCold    . . .     Gourm    .   k - +5 shield {reflect}
rNeg     + . .     Faith    +   X - +10 chain mail of Kikubaaqudgha's Scorn {Int+3 Dex+7}
rPois    +         Spirit   +   G - +2 hat "Itayrpha" {rElec MR+ Stlth+}
rElec    +         Reflect  +   i - +2 cloak {rPois}
rCorr    .         Harm     .   z - +2 pair of gloves {Dex+3}
MR       +++++                  (no boots)
Stlth    +++++++...             m - amulet "Doradwo" {Faith rN+ Dex+3}
HPRegen  1.53/turn              I - ring "Vexoxke" {MR+ Str+4 Stlth+}
MPRegen  0.26/turn              E - ring of the Mage {Wiz MR++ Int+3}

@: paralysed
A: fangs 3, hooves 1, repulsion field 1, blurry vision 1, clever 1, fire
resistance 1, frail 1, regeneration 3, magic shield, antimagic bite, no potion
heal 3, rot immunity
}: 7/15 runes: barnacled, slimy, silver, abyssal, fiery, dark, gossamer
a: Stomp, Renounce Religion, Evoke Invisibility


You were in Pandemonium.
You worshipped Uskayaw.
Uskayaw was greatly pleased with you.
You were not hungry.

You visited 10 branches of the dungeon, and saw 54 of its levels.
You visited Pandemonium 1 time, and saw 9 of its levels.
You visited the Abyss 1 time.
You also visited: Trove and Gauntlet.

You collected 9021 gold pieces.
You spent 5728 gold pieces at shops.

Inventory:

Hand Weapons
 a - the +12 short sword of Zugyrer (weapon) {elec, +Inv}
   (You found it on level 4 of the Dungeon)

   Occasionally, upon striking a foe, it will discharge some electrical energy
   and cause terrible harm.
   It lets you turn invisible.
 b - the +3 sling "Punk" {acid, rCorr}
   (You found it on level 4 of the Lair of Beasts)

   It provides partial protection from all sources of acid and corrosion.
 e - the +8 falchion of Extermination {slice, rF++}
   (You took it off a merfolk siren on level 4 of the Shoals)

   It inflicts extra damage upon your enemies.
   It greatly protects you from fire.
 o - a +8 eudemon blade of holy wrath
 t - the +9 hunting sling of Nemelex Xobeh {freeze, rC+ Int-4 Stlth+}
   (You found it in Pandemonium)

   It causes projectiles fired from it to freeze those they strike, causing
   extra injury to most foes and up to half again as much damage against
   particularly susceptible opponents.
   They can also slow down cold-blooded creatures.
   It affects your intelligence (-4).
   It protects you from cold.
   It makes you more stealthy.
Missiles
 v - 15 throwing nets
 Q - 18 javelins of penetration (quivered)
 Y - 283 sling bullets
Armour
 i - a +2 cloak of poison resistance (worn)
 k - a +5 shield of reflection (worn)
 z - a +2 pair of gloves of dexterity (worn)
 G - the +2 hat "Itayrpha" (worn) {rElec MR+ Stlth+}
   (You found it in a Gauntlet)

   It insulates you from electricity.
   It affects your resistance to hostile enchantments.
   It makes you more stealthy.
 L - the +5 large shield "Forget-Me-Not" {rC- MR+ rCorr Dex+8}
   (You took it off a daeva on level 3 of the Abyss)

   It affects your dexterity (+8).
   It makes you vulnerable to cold.
   It affects your resistance to hostile enchantments.
   It provides partial protection from all sources of acid and corrosion.
 R - the +9 chain mail of Poor Excuses {rN+ Int+2}
   (You found it on level 3 of the Spider Nest)

   It affects your intelligence (+2).
   It protects you from negative energy.
 V - a +2 pair of boots
 X - the +10 chain mail of Kikubaaqudgha's Scorn (worn) {Int+3 Dex+7}
   (You took it off a deep elf blademaster on level 3 of the Elven Halls)

   It affects your intelligence (+3).
   It affects your dexterity (+7).
Magical Staves
 w - an uncursed staff of wizardry
Jewellery
 m - the amulet "Doradwo" (around neck) {Faith rN+ Dex+3}
   (You found it in a treasure trove)

   [amulet of faith]

   It allows you to gain divine favour quickly.
   It affects your dexterity (+3).
   It protects you from negative energy.
 n - the amulet of Suspected Treachery {+Rage SInv}
   (You found it in a treasure trove)

   [amulet of rage]

   It lets you see invisible.
   It lets you go berserk.
 E - the ring of the Mage (right hand) {Wiz MR++ Int+3}
   (You found it in a Gauntlet)

   [ring of wizardry]

   It improves your spell success rate.
   It affects your intelligence (+3).
   It affects your resistance to hostile enchantments.
 I - the ring "Vexoxke" (left hand) {MR+ Str+4 Stlth+}
   (You found it on level 11 of the Dungeon)

   [ring of stealth]

   It affects your strength (+4).
   It affects your resistance to hostile enchantments.
   It makes you more stealthy.
 P - an uncursed ring of protection from cold
Wands
 y - a wand of digging (6)
 B - a wand of disintegration (56)
 H - a wand of paralysis (31)
 J - a wand of acid (30)
 K - a wand of clouds (1)
 W - a wand of iceblast (41)
Scrolls
 c - 7 scrolls of blinking
 g - 7 scrolls of fear
 h - 3 scrolls of holy word
 j - 3 scrolls of magic mapping
 p - a scroll of silence
 r - 16 scrolls of identify
 u - 12 scrolls of immolation
 A - 20 scrolls of teleportation
 O - 16 scrolls of remove curse
 U - a scroll of summoning
Potions
 d - 13 potions of might
 q - 28 potions of curing
 s - 3 potions of agility
 x - 5 potions of resistance
 D - 8 potions of brilliance
 F - 5 potions of cancellation
 M - 8 potions of mutation
 N - 5 potions of haste
Miscellaneous
 l - a phial of floods
 C - 2 sacks of spiders
 S - a lamp of fire
 T - a lightning rod (4/4)
 Z - 2 phantom mirrors
Comestibles
 f - 59 rations


   Skills:
 + Level 19.0 Fighting
 - Level 9.4(12.3) Short Blades
 - Level 12.9(14.0) Long Blades
 - Level 14.4 Slings
 - Level 15.0 Armour
 + Level 14.4 Dodging
 - Level 20.5 Stealth
 - Level 15.0 Shields
 - Level 10.0 Spellcasting
 - Level 18.0 Conjurations
 - Level 9.0 Hexes
 + Level 7.1 Necromancy
 - Level 5.0 Translocations
 + Level 8.9 Earth Magic
 + Level 22.9 Invocations
 - Level 10.0 Evocations


You had 3 spell levels left.
You knew the following spells:

 Your Spells              Type           Power        Failure   Level  Hunger
a - Confusing Touch       Hex            #####.       1%          1    None
b - Corpse Rot            Necr           N/A          1%          2    None
c - Blink                 Tloc           N/A          2%          2    None
d - Portal Projectile     Hex/Tloc       #####.       1%          3    None
e - Orb of Destruction    Conj           ######....   6%          7    #######
f - Tukima's Dance        Hex            #####...     1%          3    None
g - Regeneration          Chrm/Necr      ###.......   8%          3    None
h - Apportation           Tloc           ####..       1%          1    None
i - Passwall              Tmut/Erth      ####....     2%          2    None
j - Animate Dead          Necr           N/A          6%          4    ##.....
k - Passage of Golubria   Tloc           N/A          14%         4    ##.....
l - Borgnjor's Vile Clut  Necr/Erth      #####.....   12%         5    #####..
m - Iron Shot             Conj/Erth      ######....   7%          6    ######.

Your spell library contained the following spells:

 Spells                   Type           Power        Failure   Level  Hunger
 Magic Dart               Conj           ####         0%          1    None
 Animate Skeleton         Necr           N/A          1%          1    None
 Corona                   Hex            #####..      1%          1    None
 Flame Tongue             Conj/Fire      #####        1%          1    None
 Pain                     Necr           ####         1%          1    None
 Sandblast                Erth           #####.       1%          1    None
 Shock                    Conj/Air       ####         1%          1    None
 Sting                    Conj/Pois      ####         1%          1    None
 Searing Ray              Conj           ######       1%          2    None
 Slow                     Hex            #####...     1%          2    None
 Sublimation of Blood     Necr           #####.....   1%          2    None
 Throw Flame              Conj/Fire      #####.       1%          2    None
 Throw Frost              Conj/Ice       #####.       1%          2    None
 Confuse                  Hex            #####...     1%          3    None
 Conjure Flame            Conj/Fire      #####...     1%          3    None
 Dazzling Spray           Conj/Hex       ######       1%          3    None
 Static Discharge         Conj/Air       #####...     1%          3    None
 Stone Arrow              Conj/Erth      ######       1%          3    None
 Vampiric Draining        Necr           #####.....   1%          3    None
 Ensorcelled Hibernation  Hex/Ice        ####..       2%          2    None
 Mephitic Cloud           Conj/Pois/Air  ####....     2%          3    None
 Gell's Gravitas          Tloc           ####......   4%          3    None
 Lesser Beckoning         Tloc           ####......   4%          3    None
 Teleport Other           Tloc           ####....     4%          3    None
 Inner Flame              Hex/Fire       ####....     5%          3    None
 Spectral Weapon          Hex/Chrm       ####....     5%          3    None
 Summon Guardian Golem    Hex/Summ       ####....     5%          3    None
 Shroud of Golubria       Chrm/Tloc      ###.......   6%          2    None
 Beastly Appendage        Tmut           #.....       11%         1    None
 Freeze                   Ice            #...         11%         1    None
 Infusion                 Chrm           #...         11%         1    None
 Summon Small Mammal      Summ           #...         11%         1    None
 Call Imp                 Summ           #.......     16%         2    None
 Poisonous Vapours        Pois/Air       #.....       16%         2    None
 Song of Slaying          Chrm           #.......     16%         2    None
 Swiftness                Chrm/Air       #.......     16%         2    None
 Ignite Poison            Fire/Tmut/Pois #.......     32%         3    None
 Ozocubu's Armour         Chrm/Ice       #.......     32%         3    None
 Spider Form              Tmut/Pois      #.........   32%         3    None
 Force Lance              Conj/Tloc      ######..     1%          4    ##.....
 Fulminant Prism          Conj/Hex       ######....   1%          4    ##.....
 Iskenderun's Mystic Bla  Conj           ######..     1%          4    ##.....
 Bolt of Draining         Conj/Necr      ######....   1%          5    #####..
 Cause Fear               Hex            #####.....   2%          4    ##.....
 Leda's Liquefaction      Hex/Erth       #####.....   2%          4    ##.....
 Sticky Flame             Conj/Fire      #####...     2%          4    ##.....
 Throw Icicle             Conj/Ice       #####...     2%          4    ##.....
 Bolt of Magma            Conj/Fire/Erth #####.....   8%          5    #####..
 Fireball                 Conj/Fire      #####.....   8%          5    #####..
 Irradiate                Conj/Tmut      #####.....   8%          5    #####..
 Iskenderun's Battlesphe  Conj/Chrm      #####...     8%          5    #####..
 Lee's Rapid Deconstruct  Erth           #####.....   8%          5    #####..
 Lightning Bolt           Conj/Air       #####.....   8%          5    #####..
 Venom Bolt               Conj/Pois      #####.....   8%          5    #####..
 Agony                    Necr           #####...     16%         5    #####..
 Dispel Undead            Necr           #####...     16%         5    #####..
 Petrify                  Tmut/Erth      ####....     17%         4    ##.....
 Bolt of Cold             Conj/Ice       #####.....   38%         6    ######.
 Bolt of Fire             Conj/Fire      #####.....   38%         6    ######.
 Conjure Ball Lightning   Conj/Air       #####.....   38%         6    ######.
 Darkness                 Hex            #####.....   38%         6    ######.
 Invisibility             Hex            #####...     38%         6    ######.
 Poison Arrow             Conj/Pois      #####.....   38%         6    ######.
 Metabolic Englaciation   Hex/Ice        ####......   41%         5    #####..
 Silence                  Hex/Air        ####......   41%         5    #####..
 Summon Mana Viper        Hex/Summ       ####....     41%         5    #####..
 Yara's Violent Unravell  Hex/Tmut       ####......   41%         5    #####..
 Excruciating Wounds      Chrm/Necr      ###.......   54%         5    #####..
 Death Channel            Necr           #####.....   63%         6    ######.
 Airstrike                Air            #.........   69%         4    ##.....
 Ice Form                 Ice/Tmut       #.......     69%         4    ##.....
 Olgreb's Toxic Radiance  Pois           #.......     69%         4    ##.....
 Summon Ice Beast         Ice/Summ       #.......     69%         4    ##.....
 Summon Lightning Spire   Summ/Air       #.......     69%         4    ##.....
 Summon Forest            Summ/Tloc      ###.......   69%         5    #####..
 Freezing Cloud           Conj/Ice/Air   ####......   77%         6    ######.
 Spellforged Servitor     Conj/Summ      #####.....   89%         7    #######
 Statue Form              Tmut/Erth      ####.....    92%         6    ######.
 Lehudib's Crystal Spear  Conj/Erth      ######....   94%         8    #######
 Blade Hands              Tmut           #.........   95%         5    #####..
 Simulacrum               Ice/Necr       ###.......   98%         6    ######.
 Deflect Missiles         Chrm/Air       #.........   100%        6    ######.
 Hydra Form               Tmut           #.........   100%        6    ######.
 Ozocubu's Refrigeration  Ice            #.........   100%        6    ######.
 Dragon Form              Tmut           #.........   100%        7    #######
 Ring of Flames           Chrm/Fire      #.........   100%        7    #######
 Summon Hydra             Summ           #.........   100%        7    #######
 Chain Lightning          Conj/Air       #####.....   100%        8    #######
 Disjunction              Tloc           ####......   100%        8    #######
 Ignition                 Fire           #.........   100%        8    #######
 Fire Storm               Conj/Fire      #####.....   100%        9    #######
 Glaciate                 Conj/Ice       #####.....   100%        9    #######
 Shatter                  Erth           #####.....   100%        9    #######
 Tornado                  Air            #.........   100%        9    #######


Dungeon Overview and Level Annotations

Branches:
Dungeon (15/15)            Temple (0/1) D:7            Lair (6/6) D:10
 Shoals (4/4) Lair:2       Spider (4/4) Lair:4        Slime (5/5) Lair:6
    Orc (2/2) D:11            Elf (3/3) Orc:2        Vaults (5/5) D:13
  Crypt (0/3) Vaults:3     Depths (5/5) D:15            Zot (5/5) Depths:5

Altars:
Cheibriados
Dithmenos
Elyvilon
Gozag
Makhleb
Okawaru
Qazlal
Sif Muna
Trog
Uskayaw
Vehumet
Wu Jian
Zin
The Shining One
Beogh
Jiyva
Lugonu

Shops:
D:5 (   D:10 :(?=[   Orc:1 *   Orc:2 !![}   Elf:1 :   Elf:2 [   Elf:3 (
Vaults:1 (   Vaults:2 ?   Vaults:5 !?

Portals:
Hell: Depths:1 Depths:2 Depths:3 Depths:4 Depths:5
Abyss: Depths:2 Depths:4
Pandemonium: Orc:2 Depths:2 Depths:3
Ziggurat: Depths:2

Annotations:
D:10 Tengu Reaver
Zot:3 1 transporter
Pan Mnoleg


Innate Abilities, Weirdness & Mutations

You have razor-sharp teeth.
You regenerate.
When hurt, damage is shared between your health and your magic reserves.
Your bite disrupts and absorbs the magic of your enemies.
Potions cannot restore your health.
You are immune to rotting.
You have large cloven feet.
You are surrounded by a mild repulsion field. (EV +2)
Scrolls take you a little longer to read.
Your mind is acute. (Int +2)
Your flesh is heat resistant. (rF+)
You are frail. (-10% HP)


Message History

Mnoleg calls on the powers of chaos!
The floating eye seems to grow stronger.
The crimson imp seems to speed up.
The large abomination suddenly seems more agile.
The large abomination seems to grow stronger.
The large abomination hits you!! The tormentor says, "I know your fate.
It's pain."
The crimson imp blinks!
Mnoleg claws you but does no damage.
Mnoleg tentacle-slaps you but does no damage.
Mnoleg gores you. Mnoleg kicks you.
Mnoleg blinks!
The large abomination hits you! x2
The large abomination hits you! The large abomination hits you!!
* * * LOW HITPOINT WARNING * * *
The floating eye's view fixates on you.
The crimson imp hits you but does no damage.
The large abomination hits you!
* * * LOW HITPOINT WARNING * * *
The floating eye gazes piercingly through you!
You shrug off the repeated paralysis!
The large abomination hits you!!
You die...

*,**,,*#...#* ##...#* #.##
*,**,,,*#.[.#* ####.#* #.##
*,**,,,,,#...#* ##..#######.##
*,**,,,,,*#...###....#...#..##
*,**,,,,,,*#...#...##.....###*
*,**,,,,,,,*#.....##.......# *
*,,**,,,,,,,##...###.......# *
*,,,**,,,,,##5..##*##.....## *
**,,,**,,,##X@.##,,*##...## *
***,,,**,##5XX##,,,,*##### *
*,**,,,**#GX2##,,,,,,** *
*,,**,,,#...&ยง..X...,,** *
*,,,,#.....#X.X35...,,,** *
*,,,,##...##3.X.....,,,,** *
*,,,,,##.#*.........,,,,,** *
*,,,,,,##*,.........,,,,,,* *
*,,,,,***,,.........,,,,,,* *


You could see Mnoleg, a cacodemon, 5 large abominations, a neqoxec, a floating
eye, an iron imp and a crimson imp.

Vanquished Creatures
  Cerebov (Pan)
  the Royal Jelly (Slime:5)
  Gloorx Vloq (Pan)
  4 orbs of fire
  5 ancient liches
  Mara (Vaults:3)
  Mennas (Depths:4)
  The ghost of Paeq the Conqueror, a legendary MfAs of Yredelemnul (Zot:2)
  A juggernaut (Depths:2)
  Boris (twice) (Vaults:3 Depths:3)
  Frederick (Depths:4)
  6 Killer Klowns (Zot:5)
  6 curse toes
  Jory (Depths:4)
  7 golden dragons
  4 bone dragons
  A Brimstone Fiend (Pan)
  4 electric golems
  6 liches
  3 hellephants (Abyss:3)
  Rupert (Vaults:2)
  Jorgrun (Spider:2)
  24 Orb Guardians (Zot:5)
  3 deep elf blademasters
  16 tentacled monstrosities
  Asterion (Depths:2)
  4 titans
  2 deep elf master archers (Elf:3)
  5 death cobs
  5 quicksilver dragons
  37 acid blobs
  3 tentacled starspawn
  2 ancient champions (Vaults:2)
  Agnes (Vaults:2)
  7 sphinxes
  Gastronok (Lair:2)
  10 shadow dragons
  20 Executioners
  16 storm dragons
  5 draconian monks
  10 tengu reavers
  14 azure jellies
  An iron dragon (Depths:4)
  A daeva (Abyss:3)
  10 fire giants
  10 deep elf sorcerers
  13 frost giants
  4 draconian scorchers
  11 vault wardens
  18 balrugs (Pan)
  2 curse skulls (Pan)
  7 draconian knights
  2 warmongers (Pan)
  3 draconian stormcallers
  3 cacodemons (Pan)
  8 emperor scorpions
  6 draconian annihilators
  9 ghost moths
  5 draconian shifters
  2 black suns (Pan)
  10 deep elf elementalists
  2 war gargoyles (Vaults:5)
  18 stone giants
  A spriggan defender (Depths:3)
  3 reapers (Pan)
  4 entropy weavers
  10 ironheart preservers
  A blood saint (Pan)
  23 very ugly things
  5 vampire knights
  The ghost of Voakhlei the Martial Artist, a journeyman MfTm of Kikubaaqudgha (Lair:4)
  4 lorocyprocas (Pan)
  7 purple draconians
  14 black draconians
  12 deep elf annihilators
  Nessos (D:13)
  9 yellow draconians
  9 green draconians
  2 minotaurs
  10 red draconians
  11 deep elf demonologists
  6 dire elephants
  10 white draconians
  5 spark wasps (Depths:4)
  9 deep elf death magi
  6 fire dragons
  11 death oozes
  10 ettins
  12 small abominations
  Josephine (D:13)
  7 merfolk javelineers
  An eidolon (Abyss:1)
  7 ogre magi
  5 deep elf high priests
  5 jiangshi
  A green death (Pan)
  6 merfolk impalers
  17 great orbs of eyes
  A quicksilver dragon zombie (Abyss:1)
  3 blizzard demons
  11 yaktaur captains
  16 ice dragons
  31 vault guards
  5 rakshasas
  2 catoblepae
  2 monstrous demonspawn (Pan)
  A hell beast (Depths:3)
  3 merfolk avatars
  2 merfolk aquamancers
  8 hydras
  5 spriggan air magi
  5 death knights
  9 two-headed ogres
  30 dancing weapons
  6 death yaks (Lair:6)
  10 centaur warriors
  A naga warrior (Abyss:2)
  6 tengu warriors
  7 deep troll shamans
  8 vampire magi
  An alligator (Lair:4)
  4 satyrs
  5 spriggan berserkers
  Urug (Lair:6)
  5 orc high priests
  4 thrashing horrors
  A hell hog (Pan)
  7 deep troll earth magi
  20 sun demons
  2 soul eaters (Pan)
  16 hell knights
  23 deep elf knights
  Sonja (D:12)
  7 iron trolls
  15 skeletal warriors
  7 wretched stars
  5 gelid demonspawn
  6 shadow wraiths (Pan)
  7 sixfirhies
  9 glowing orange brains
  11 sea snakes
  2 shadow demons
  2 spatial maelstroms (Abyss:3)
  2 unseen horrors (D:11)
  20 deep trolls
  6 starcursed masses
  An infernal demonspawn (Pan)
  3 torturous demonspawn
  5 wizards
  5 flayed ghosts
  17 deep elf archers
  A phantasmal warrior (Vaults:5)
  An orange crystal statue (Lair:4)
  19 harpies
  A shadow dragon zombie (Depths:3)
  7 necromancers
  An obsidian statue (Gauntlet)
  14 ironbrand convokers
  An anaconda skeleton (Pan)
  19 orb spiders
  16 orc knights
  An orb spider (shapeshifter) (Depths:2)
  A lindwurm (Lair:6)
  A harpy (shapeshifter) (D:14)
  11 shining eyes
  15 orc sorcerers
  21 manticores
  3 salamanders
  10 cyclopes
  60 deep elf magi
  A mana viper (shapeshifter) (Vaults:1)
  56 ugly things
  29 wolf spiders
  18 moths of wrath
  2 stone giant skeletons (Pan)
  An iron dragon skeleton (Pan)
  14 merfolk sirens
  2 worldbinders
  24 fauns
  2 rust devils
  6 black mambas
  A moth of wrath (shapeshifter) (Abyss:3)
  A frost giant skeleton (Vaults:2)
  A guardian serpent (Abyss:2)
  An apocalypse crab (Abyss:1)
  13 vault sentinels
  8 elephants
  Joseph (D:8)
  5 eyes of devastation
  5 water nymphs
  14 orange demons
  A gargoyle (D:14)
  4 hellions (Pan)
  12 spiny frogs
  6 smoke demons
  3 kobold demonologists
  4 rime drakes
  50 yaktaurs
  A rime drake (shapeshifter) (Vaults:3)
  2 komodo dragons
  A minotaur zombie (Gauntlet)
  20 demonic crawlers
  7 efreet
  A yaktaur zombie (Vaults:3)
  2 yaktaurs (shapeshifter)
  An ice devil (Pan)
  12 freezing wraiths
  A catoblepas skeleton (Pan)
  5 hellwings
  17 red devils
  A jumping spider (shapeshifter) (Vaults:2)
  A polar bear (Lair:6)
  5 hornets
  A yaktaur skeleton (Vaults:3)
  3 ancient zymes (Abyss:1)
  3 meliai (Shoals:1)
  A silent spectre (Abyss:3)
  38 jumping spiders
  32 merfolk
  7 trolls
  2 meliai (shapeshifter)
  4 tengu conjurers
  A hydra skeleton (Pan)
  2 wind drakes (shapeshifter)
  7 wind drakes
  2 hornets (shapeshifter) (Vaults:1)
  A queen bee (shapeshifter) (Abyss:3)
  A polar bear (shapeshifter) (D:15)
  2 harpy skeletons (Pan)
  A troll (shapeshifter) (Vaults:3)
  Grinder (D:5)
  25 large abominations
  17 dream sheep
  162 slime creatures
  18 blink frogs
  A raiju (Abyss:1)
  18 snapping turtles
  A raiju (shapeshifter) (Vaults:3)
  A dream sheep (shapeshifter) (Vaults:5)
  8 hippogriffs
  An ice dragon zombie (Abyss:3)
  A meliai zombie (D:15)
  An ettin skeleton (Pan)
  2 spriggans
  Sigmund (D:2)
  5 shadows
  A stone giant simulacrum (Vaults:1)
  A fire dragon skeleton (Pan)
  2 air elementals
  68 redbacks
  2 yaks (shapeshifter)
  27 tarantellas
  A wyvern (shapeshifter) (Vaults:2)
  2 wyverns
  A hog (shapeshifter) (Depths:2)
  A tarantella (shapeshifter) (Depths:4)
  29 water elementals
  27 yaks
  A vampire (D:13)
  14 ynoxinuls
  Eustachio (D:5)
  4 chaos spawn
  2 humans (shapeshifter)
  13 wraiths
  2 fire bats
  4 fire elementals
  7 golden eyes
  6 vampire mosquitoes (D:12)
  5 basilisks
  12 neqoxecs
  Menkaure (D:5)
  5 wargs
  An insubstantial wisp (Abyss:1)
  A spatial vortex (Abyss:3)
  A merfolk zombie (Abyss:1)
  2 nagas (Abyss:2)
  7 acid dragons
  A floating eye (Depths:4)
  3 soldier ants
  A deep troll skeleton (Vaults:2)
  18 water moccasins
  A hell hound (Depths:3)
  5 porcupines
  50 orc warriors
  2 orc zombies (Vaults:2)
  5 ice beasts
  A sky beast (shapeshifter) (Gauntlet)
  3 sky beasts
  14 eyes of draining
  A hornet zombie (D:15)
  2 necrophages
  A human zombie (Vaults:3)
  3 black bears
  8 boggarts
  25 ogres
  3 phantoms
  15 wolves
  A fire dragon simulacrum (Abyss:1)
  A tengu (shapeshifter) (Depths:2)
  22 centaurs
  A snapping turtle skeleton (Abyss:1)
  19 crocodiles
  A manticore skeleton (Pan)
  A crocodile (shapeshifter) (Vaults:5)
  3 big kobolds
  18 bullfrogs
  An elf zombie (Elf:1)
  An earth elemental (Elf:2)
  3 wyvern zombies
  A gnoll sergeant (D:6)
  A water moccasin zombie (D:6)
  6 scorpions
  11 wights
  3 vampire bats (D:11)
  5 howler monkeys
  4 electric eels
  10 crimson imps
  6 centaur zombies
  A quasit (Depths:3)
  A wyvern simulacrum (D:13)
  2 bullfrog zombies (D:13)
  A bullfrog skeleton (D:13)
  7 hounds
  11 jellies
  28 orc priests
  14 orc wizards
  6 centaur skeletons
  2 iron imps (Abyss:1)
  Ijyb (D:5)
  3 iguanas
  18 worker ants
  7 hound skeletons
  2 worker ant zombies
  Robin (D:4)
  10 adders
  11 gnolls
  2 shadow imps
  2 white imps
  4 ufetubi (Abyss:1)
  7 oozes
  A worm (D:4)
  2 adder skeletons
  An adder zombie (D:7)
  5 dart slugs
  3 leopard geckos
  81 orcs
  11 bats
  13 giant cockroaches
  18 goblins
  11 hobgoblins
  7 jackals
  20 kobolds
  4 quokkas
  8 ball pythons
  6 frilled lizards
  A giant cockroach zombie (D:4)
  A leopard gecko skeleton (D:4)
  2 leopard gecko zombies
  2 quokka skeletons (D:4)
  3 rats
  A crawling corpse (Elf:1)
  A fungus (Lair:2)
  A plant (Shoals:4)
2840 creatures vanquished.

Vanquished Creatures (collateral kills)
  Sojobo (Vaults:3)
  Saint Roka (Vaults:2)
  A tentacled monstrosity (Vaults:5)
  2 tengu reavers
  A fire giant (Depths:3)
  A deep elf sorcerer (Vaults:5)
  A vault warden (Vaults:5)
  A frost giant (Vaults:5)
  4 ironheart preservers (Vaults:5)
  2 stone giants
  A green draconian (Zot:5)
  A red draconian (Zot:5)
  An ettin (Vaults:5)
  An ice dragon (Depths:3)
  3 vault guards (Vaults:5)
  3 two-headed ogres (Vaults:5)
  A dancing weapon (Vaults:5)
  A deep troll earth mage (Vaults:5)
  A spriggan berserker (Depths:5)
  A sea snake (Shoals:3)
  4 deep trolls (Vaults:5)
  A deep elf mage (Vaults:5)
  A wolf spider (Vaults:5)
  A wolf spider (shapeshifter) (Vaults:5)
  An ugly thing (Vaults:3)
  2 fauns (Shoals:2)
  A vault sentinel (Vaults:5)
  2 red devils (Pan)
  A merfolk (Shoals:2)
  4 yaktaurs (Vaults:5)
  A jumping spider (Spider:3)
  A hornet (Vaults:5)
  A small abomination (Abyss:1)
  3 orc warriors
  4 ogres (Vaults:5)
  A wight (Abyss:1)
  5 orcs
63 creatures vanquished.

Vanquished Creatures (others)
  Nikola (Shoals:3)
  An Orb Guardian (Zot:5)
  A draconian annihilator (Zot:3)
  A deep elf demonologist (Elf:3)
  A deep elf archer (Elf:1)
  An ugly thing (D:15)
  An orb spider (Spider:3)
  A manticore (Shoals:3)
  2 yaktaurs (Depths:2)
  A jumping spider (Spider:4)
  A merfolk (Shoals:4)
  A dancing weapon (Vaults:5)
  2 tarantellas
  A fire elemental (Elf:1)
  A boggart (Depths:1)
  An orc priest (Vaults:2)
  An orc (Vaults:2)
  A crawling corpse (Elf:1)
  A fungus (Lair:3)
  A lurking horror (Abyss:1)
  15 plants
  6 starspawn tentacles
43 creatures vanquished.

Grand Total: 2946 creatures vanquished

Notes
Turn   | Place    | Note
-------+----------+-------------------------------------------
     0 | D:1      | EvilAliv3 the Vine Stalker Fighter began the quest for the
                  | Orb.
     0 | D:1      | Reached XP level 1. HP: 11/11 MP: 2/2
   135 | D:1      | Reached XP level 2. HP: 15/16 MP: 3/3
   699 | D:1      | Reached XP level 3. HP: 20/20 MP: 4/4
   989 | D:2      | Upgraded the game from 0.23-a0-607-g760965b to
                  | 0.23-a0-611-gcf5c981
  1164 | D:2      | Gained mutation: Your natural rate of healing is unusually
                  | fast. [Vine Stalker growth]
  1164 | D:2      | Reached XP level 4. HP: 22/24 MP: 5/5
  1416 | D:2      | Found a faded altar of an unknown god.
  1419 | D:2      | Became a worshipper of Uskayaw the Reveler
  1419 | D:2      | Reached * piety under Uskayaw
  1498 | D:2      | Noticed Sigmund
  1547 | D:2      | Reached ** piety under Uskayaw
  1552 | D:2      | Reached *** piety under Uskayaw
  1557 | D:2      | Killed Sigmund
  1557 | D:2      | Reached XP level 5. HP: 13/29 MP: 2/6
  1557 | D:2      | Reached XP level 6. HP: 15/33 MP: 2/7
  2455 | D:4      | Noticed a phantom
  2629 | D:4      | Found an ornate altar of the Wu Jian Council.
  2793 | D:4      | Found a snail-covered altar of Cheibriados.
  2826 | D:4      | Reached skill level 1 in Invocations
  3038 | D:4      | Found a burning altar of Makhleb.
  3049 | D:4      | Reached XP level 7. HP: 37/37 MP: 7/9
  3275 | D:4      | Reached skill level 5 in Long Blades
  3275 | D:4      | Reached skill level 2 in Invocations
  3545 | D:4      | Noticed Robin
  3625 | D:4      | Killed Robin
  3658 | D:4      | Got an ancient short sword
  3659 | D:4      | Identified the +12 short sword of Zugyrer {elec, +Inv} (You
                  | found it on level 4 of the Dungeon)
  3925 | D:4      | Upgraded the game from 0.23-a0-611-gcf5c981 to
                  | 0.23-a0-612-gcb482e9
  3926 | D:5      | Entered Level 5 of the Dungeon
  3958 | D:5      | Found a white marble altar of Elyvilon.
  4022 | D:5      | Noticed Menkaure
  4027 | D:5      | Killed Menkaure
  4027 | D:5      | Reached skill level 1 in Short Blades
  4027 | D:5      | Reached skill level 1 in Stealth
  4027 | D:5      | Gained mutation: You have razor-sharp teeth. [Vine Stalker
                  | growth]
  4027 | D:5      | Reached XP level 8. HP: 35/42 MP: 8/10
  4398 | D:5      | Found a shadowy altar of Dithmenos.
  4398 | D:5      | Noticed a two-headed ogre
  4462 | D:5      | Noticed Grinder
  4473 | D:5      | Killed Grinder
  4473 | D:5      | Reached skill level 3 in Invocations
  4538 | D:5      | Found Gyzeyfue's Weapon Boutique.
  4632 | D:5      | Found a bloodstained altar of Trog.
  4701 | D:5      | Noticed Ijyb
  4704 | D:5      | Killed Ijyb
  4817 | D:5      | Noticed Eustachio
  4821 | D:5      | Killed Eustachio
  4821 | D:5      | Reached skill level 5 in Fighting
  4821 | D:5      | Reached skill level 5 in Shields
  5013 | D:6      | Reached **** piety under Uskayaw
  5044 | D:6      | Reached XP level 9. HP: 47/47 MP: 12/12
  5080 | D:6      | Found a glowing golden altar of the Shining One.
  5170 | D:6      | Found a hide-covered altar of Uskayaw.
  5376 | D:6      | Found a deep blue altar of Sif Muna.
  5544 | D:7      | Found an iron altar of Okawaru.
  5544 | D:7      | Noticed a kobold demonologist
  5579 | D:7      | Learned a level 1 spell: Confusing Touch
  5658 | D:7      | Found a glowing golden altar of the Shining One.
  5674 | D:7      | Reached skill level 4 in Invocations
  5723 | D:7      | Found a staircase to the Ecumenical Temple.
  5763 | D:7      | Noticed a red devil
  5876 | D:7      | Killed a kobold demonologist
  5876 | D:7      | Reached skill level 5 in Short Blades
  5876 | D:7      | Reached skill level 5 in Stealth
  6249 | D:8      | Noticed Joseph
  6261 | D:8      | Killed Joseph
  6261 | D:8      | Reached XP level 10. HP: 51/53 MP: 14/14
  6328 | D:8      | Found a stormy altar of Qazlal.
  6359 | D:8      | Reached skill level 5 in Invocations
  6643 | D:8      | Found a glowing silver altar of Zin.
  6644 | D:8      | Found an opulent altar of Gozag.
  6843 | D:9      | Reached skill level 1 in Spellcasting
  6843 | D:9      | Reached skill level 1 in Hexes
  6885 | D:9      | Noticed a wolf spider
  6889 | D:9      | Reached ***** piety under Uskayaw
  6894 | D:9      | Killed a wolf spider
  6894 | D:9      | Reached ****** piety under Uskayaw
  6951 | D:9      | Identified the Almanac of Earthen Envenoming
  7644 | D:5      | Found Gyzeyfue's Weapon Boutique.
  7711 | D:5      | Found a shadowy altar of Dithmenos.
  7711 | D:5      | Found a bloodstained altar of Trog.
  7849 | D:5      | Killed a two-headed ogre
  7849 | D:5      | Reached XP level 11. HP: 27/58 MP: 11/16
  7928 | D:10     | Entered Level 10 of the Dungeon
  7928 | D:10     | Found Deoneg's Jewellery Emporium.
  8090 | D:10     | Found a staircase to the Lair.
  8107 | D:10     | Reached skill level 6 in Invocations
  8423 | D:10     | Found Nealac's Book Boutique.
  8507 | D:10     | Found Buqar's Magic Scroll Shoppe.
  8513 | D:10     | Bought a scroll of fog for 22 gold pieces
  8513 | D:10     | Bought a scroll of fear for 38 gold pieces
  8513 | D:10     | Bought a scroll of identify for 22 gold pieces
  8513 | D:10     | Bought a scroll of identify for 22 gold pieces
  8513 | D:10     | Bought a scroll of teleportation for 33 gold pieces
  8515 | D:10     | Found Vocuiq's Armour Shoppe.
  8669 | D:10     | Found Pumom's Weapon Shop.
  8986 | D:11     | Found a staircase to the Orcish Mines.
  9029 | D:11     | Noticed a two-headed ogre
  9032 | D:11     | Killed a two-headed ogre
  9181 | D:11     | Reached skill level 7 in Invocations
  9261 | D:11     | Noticed a fire giant
  9262 | D:11     | Noticed a tengu reaver
  9370 | Lair:1   | Entered Level 1 of the Lair of Beasts
  9669 | Lair:1   | Identified the +1 chain mail of the Many Dreams {rElec rF+
                  | Str+2} (You found it on level 1 of the Lair of Beasts)
 10090 | Lair:2   | Gained mutation: You heal very quickly. [Vine Stalker
                  | growth]
 10090 | Lair:2   | Reached XP level 12. HP: 58/64 MP: 15/18
 10120 | Lair:2   | Noticed a five-headed hydra
 10127 | Lair:2   | Killed a five-headed hydra
 10498 | Lair:2   | Found a staircase to the Shoals.
 10753 | Lair:2   | Noticed Gastronok
 10770 | Lair:2   | Killed Gastronok
 11008 | Lair:3   | Reached skill level 10 in Stealth
 11058 | Lair:3   | Reached skill level 5 in Spellcasting
 11058 | Lair:3   | Reached skill level 8 in Invocations
 11111 | Lair:3   | Reached skill level 5 in Hexes
 11218 | Lair:3   | Noticed a catoblepas
 11236 | Lair:3   | Killed a catoblepas
 11704 | Lair:4   | Found a gate leading to a gauntlet.
 11714 | Gauntlet | Entered a Gauntlet
 11714 | Gauntlet | Found a transporter.
 11714 | Gauntlet | Found a transporter.
 11718 | Gauntlet | Found a transporter.
 11721 | Gauntlet | Found a transporter.
 11721 | Gauntlet | Noticed a death scarab
 11724 | Gauntlet | Found a transporter.
 11738 | Gauntlet | Found the ring of the Mage {Wiz MR++ Int+3}
 11754 | Gauntlet | Reached XP level 13. HP: 70/70 MP: 21/21
 11796 | Gauntlet | Found a transporter.
 11851 | Gauntlet | Identified the +2 hat "Itayrpha" {rElec MR+ Stlth+} (You
                  | found it in a Gauntlet)
 11889 | Gauntlet | Identified the ring "Oshrezat" {+Blink +Fly Int+6 Stlth-}
 11889 | Gauntlet | Noticed a minotaur
 11909 | Gauntlet | Killed a minotaur
 11909 | Gauntlet | Reached skill level 1 in Evocations
 11962 | Gauntlet | Found a transporter.
 11984 | Gauntlet | Got a scorched bronze ring
 11985 | Gauntlet | Identified the ring "Peheruhe" {rPois SInv} (You found it
                  | in a Gauntlet)
 12544 | Lair:4   | Reached skill level 9 in Invocations
 12561 | Lair:4   | Found a hole to the Spider Nest.
 12581 | Lair:4   | Identified the +9 arbalest "Gisearits" {velocity, rElec
                  | rPois Dex+8 Stlth-} (You found it on level 4 of the Lair of
                  | Beasts)
 12673 | Lair:4   | Found a runed door.
 12677 | Lair:4   | Noticed Voakhlei's ghost (journeyman MfTm)
 12897 | Lair:4   | Identified the +1 chain mail of Starshine {rF++ Str+3
                  | Dex-5} (You found it on level 4 of the Lair of Beasts)
 13274 | Lair:4   | Found the +3 sling "Punk" {acid, rCorr}
 13298 | Lair:4   | Got a brightly glowing copper ring
 13618 | Lair:4   | Upgraded the game from 0.23-a0-612-gcb482e9 to
                  | 0.23-a0-617-g9ead64f
 14472 | Lair:6   | Entered Level 6 of the Lair of Beasts
 14518 | Lair:6   | Found a staircase to the Slime Pits.
 14646 | Lair:6   | Reached skill level 10 in Fighting
 14650 | Lair:6   | Reached skill level 10 in Invocations
 14730 | Lair:6   | Noticed Urug
 14747 | Lair:6   | Killed Urug
 14747 | Lair:6   | Reached skill level 10 in Shields
 14747 | Lair:6   | Reached XP level 14. HP: 77/77 MP: 22/22
 15154 | Lair:6   | Identified the cursed ring of the Distant Future {rElec rC+
                  | AC-2} (You found it on level 4 of the Lair of Beasts)
 15177 | Lair:6   | Reached skill level 5 in Evocations
 15639 | Lair:6   | Upgraded the game from 0.23-a0-617-g9ead64f to
                  | 0.23-a0-618-g2e9d38c
 15913 | Lair:4   | Killed Voakhlei's ghost
 16100 | D:11     | Killed a fire giant
 16236 | Orc:1    | Entered Level 1 of the Orcish Mines
 16331 | Orc:1    | Reached skill level 11 in Invocations
 16518 | Orc:1    | You fall through a shaft!
 16518 | Orc:2    | Entered Level 2 of the Orcish Mines
 17056 | D:11     | Learned a level 2 spell: Corpse Rot
 17069 | D:11     | Got a translucent platinum ring
 17357 | D:11     | Reached skill level 1 in Necromancy
 17483 | D:11     | Reached skill level 1 in Slings
 17808 | D:12     | Noticed Sonja
 17832 | D:12     | Killed Sonja
 17856 | D:12     | Reached XP level 15. HP: 64/83 MP: 18/24
 18028 | D:12     | Identified the +2 shield of Osmimo {rPois}
 18691 | D:13     | Noticed Josephine
 18702 | D:13     | Killed Josephine
 18738 | D:13     | Found a gate to the Vaults.
 18854 | D:13     | Noticed Nessos
 18873 | D:13     | Killed Nessos
 18998 | D:13     | Got a twisted falchion
 19266 | D:13     | Identified the ring "Vexoxke" {MR+ Str+4 Stlth+} (You found
                  | it on level 11 of the Dungeon)
 19924 | Orc:1    | Found Acsoi's General Store.
 19934 | Orc:1    | Bought a scroll of brand weapon for 280 gold pieces
 20056 | Orc:2    | Found a staircase to the Elven Halls.
 20162 | Orc:2    | Found a roughly hewn altar of Beogh.
 20385 | Orc:2    | Found Lodeibuf's Distillery.
 20396 | Orc:2    | Found Bucea's Distillery.
 20433 | Orc:2    | Reached skill level 12 in Invocations
 20513 | Orc:2    | Gained mutation: You have an increased reservoir of magic.
                  | (+10% MP) [a neqoxec]
 20563 | Orc:2    | Bought a potion of invisibility for 80 gold pieces
 20563 | Orc:2    | Bought a potion of resistance for 100 gold pieces
 20773 | Orc:2    | Reached skill level 5 in Necromancy
 20989 | Orc:2    | Reached skill level 5 in Slings
 20997 | Orc:2    | Reached XP level 16. HP: 86/88 MP: 28/28
 21005 | Orc:2    | Found Vanireef's Gadget Boutique.
 21005 | Orc:2    | Found a one-way gate leading to the halls of Pandemonium.
 21005 | Orc:2    | Found Apuc's Antique Armour Shop.
 21024 | Orc:2    | Bought a wand of paralysis (12) for 182 gold pieces
 21024 | Orc:2    | Bought a wand of paralysis (9) for 143 gold pieces
 21362 | D:10     | Killed a tengu reaver
 21476 | Spider:1 | Entered Level 1 of the Spider Nest
 21673 | Spider:1 | Identified the +2 falchion "Duzat" {slice, rPois} (You
                  | found it on level 13 of the Dungeon)
 22401 | Spider:2 | Noticed Jorgrun
 22443 | Spider:2 | Killed Jorgrun
 22446 | Spider:2 | Reached skill level 13 in Invocations
 22774 | Spider:2 | Upgraded the game from 0.23-a0-618-g2e9d38c to
                  | 0.23-a0-619-g281719c
 23136 | Spider:3 | Got a smoking chain mail
 23295 | Spider:3 | HP: 4/91 [wolf spider (6)]
 23451 | Spider:3 | Learned a level 2 spell: Blink
 23981 | Spider:3 | Reached XP level 17. HP: 95/95 MP: 30/30
 24087 | Spider:3 | Identified the +9 chain mail of Poor Excuses {rN+ Int+2}
                  | (You found it on level 3 of the Spider Nest)
 24370 | Spider:4 | Entered Level 4 of the Spider Nest
 24576 | Spider:4 | Upgraded the game from 0.23-a0-619-g281719c to
                  | 0.23-a0-622-g59b4ea9
 25255 | Spider:4 | Reached skill level 14 in Invocations
 25349 | Spider:4 | Got a gossamer rune of Zot
 26197 | D:14     | Found a hide-covered altar of Uskayaw.
 26507 | D:15     | Entered Level 15 of the Dungeon
 26977 | D:15     | Reached skill level 1 in Translocations
 27257 | D:15     | Found a staircase to the Depths.
 27677 | Shoals:1 | Entered Level 1 of the Shoals
 27833 | Shoals:1 | Reached XP level 18. HP: 100/101 MP: 32/32
 27990 | Shoals:1 | Upgraded the game from 0.23-a0-622-g59b4ea9 to
                  | 0.23-a0-625-g1d2cd9b
 28232 | Shoals:1 | Found a hide-covered altar of Uskayaw.
 29605 | Shoals:2 | Learned a level 3 spell: Portal Projectile
 30572 | Shoals:4 | Entered Level 4 of the Shoals
 30572 | Shoals:4 | Noticed Nikola
 30721 | Shoals:3 | Killed Nikola
 30772 | Shoals:4 | Identified the +1 halberd of the Puffin {elec, Dex+5}
 30781 | Shoals:4 | Identified the +8 falchion of Extermination {slice, rF++}
 30938 | Shoals:4 | Identified the +3 flail of Xuryng {venom, Str+3 Int+5} (You
                  | found it on level 4 of the Shoals)
 31035 | Shoals:4 | Learned a level 7 spell: Orb of Destruction
 31283 | Shoals:4 | Reached XP level 19. HP: 100/106 MP: 32/34
 31354 | Shoals:4 | Reached skill level 1 in Conjurations
 31529 | Shoals:4 | Got a barnacled rune of Zot
 32315 | Elf:1    | Entered Level 1 of the Elven Halls
 32345 | Elf:1    | Reached skill level 5 in Translocations
 32406 | Orc:2    | Upgraded the game from 0.23-a0-625-g1d2cd9b to
                  | 0.23-a0-627-gf6ffe88
 32787 | Elf:1    | Found a portal to a secret trove of treasure.
 32928 | Elf:1    | Found Keso's Book Shop.
 32936 | Elf:1    | Bought a manual of Invocations for 1435 gold pieces
 32948 | Elf:1    | Identified the +2 dagger "Xobrog" {elec, rPois MR+ Str+2
                  | Dex+4}
 32969 | Elf:1    | Reached skill level 15 in Invocations
 33252 | Elf:1    | Identified Gablax's Catalogue of Sinister Rites
 33669 | Elf:2    | Found Upsoiz's Antique Armour Boutique.
 33816 | Elf:2    | Reached skill level 10 in Evocations
 33871 | Elf:2    | Found a runed gate.
 33871 | Elf:2    | Found a runed gate.
 33871 | Elf:2    | Found a runed gate.
 34376 | Elf:2    | Reached XP level 20. HP: 94/112 MP: 30/35
 34770 | Elf:3    | Entered Level 3 of the Elven Halls
 34772 | Elf:3    | Found Fuosoat's Antique Weapon Shop.
 34831 | Elf:3    | Reached skill level 5 in Conjurations
 35356 | Elf:3    | Noticed a Tzitzimitl
 35953 | Elf:3    | Reached skill level 16 in Invocations
 36154 | Elf:3    | Identified the +2 robe "Ytise" {rC+ rN+ Slay+3}
 36353 | Elf:3    | Learned a level 3 spell: Tukima's Dance
 36538 | Elf:3    | Identified the +10 chain mail of Kikubaaqudgha's Scorn
                  | {Int+3 Dex+7}
 36682 | Elf:3    | Reached skill level 15 in Fighting
 36889 | Elf:3    | Found the +10 Black Knight's horse barding {ponderous,
                  | rPois rN+}
 37505 | Elf:1    | Bought a manual of Slings for 1435 gold pieces
 37731 | Vaults:1 | Entered Level 1 of the Vaults
 37731 | Vaults:1 | Found Elyten's Antique Weapon Shop.
 37899 | Vaults:1 | Reached XP level 21. HP: 113/117 MP: 35/37
 38000 | Vaults:1 | Reached skill level 10 in Slings
 38150 | Vaults:1 | Reached skill level 15 in Shields
 38237 | Vaults:1 | Reached skill level 15 in Stealth
 38898 | Vaults:1 | Reached skill level 17 in Invocations
 38995 | Vaults:1 | Identified a scroll of acquirement
 39224 | Vaults:2 | Reached skill level 5 in Armour
 39780 | Vaults:2 | Noticed Saint Roka
 39826 | Vaults:2 | Killed Saint Roka
 40108 | Vaults:2 | Noticed Rupert
 40109 | Vaults:2 | Noticed Agnes
 40430 | Vaults:2 | Killed Rupert
 40533 | Vaults:2 | Killed Agnes
 40574 | Vaults:2 | Found Ekhal's Magic Scroll Boutique.
 40578 | Vaults:2 | Bought a scroll of blinking for 90 gold pieces
 40578 | Vaults:2 | Bought a scroll of summoning for 114 gold pieces
 40578 | Vaults:2 | Bought a scroll of magic mapping for 42 gold pieces
 40659 | Vaults:3 | Reached XP level 22. HP: 122/122 MP: 39/39
 40762 | Vaults:3 | Noticed Mara
 40780 | Vaults:3 | Noticed EvilAliv3's illusion
 40781 | Vaults:3 | Killed Mara
 41110 | Vaults:3 | Noticed Boris
 41145 | Vaults:3 | Killed Boris
 41145 | Vaults:3 | Reached skill level 18 in Invocations
 41498 | Vaults:3 | Found a staircase to the Crypt.
 41695 | Vaults:3 | Noticed Sojobo
 41720 | Vaults:3 | Killed Sojobo
 43863 | Depths:1 | Entered Level 1 of the Depths
 43938 | Depths:1 | Reached skill level 1 in Dodging
 44161 | Depths:1 | Found a gateway to Hell.
 44311 | Depths:1 | Reached XP level 23. HP: 90/126 MP: 29/40
 44314 | Depths:1 | Reached skill level 10 in Conjurations
 44954 | Depths:1 | Upgraded the game from 0.23-a0-627-gf6ffe88 to
                  | 0.23-a0-629-gae4348f
 44966 | Depths:2 | Identified the +6 great mace of Absolution {venom, rElec
                  | rC+ Int+3}
 45021 | Depths:2 | Found a corrupted altar of Lugonu.
 45021 | Depths:2 | Found a one-way gate to the infinite horrors of the Abyss.
 45271 | Depths:2 | Noticed a juggernaut
 45399 | Depths:2 | Killed a juggernaut
 45449 | Depths:2 | Reached skill level 10 in Armour
 45511 | Depths:2 | Identified the +9 mace "Dehiod" {crush, rPois MP+9} (You
                  | found it on level 2 of the Depths)
 45763 | Depths:2 | Found a gateway to a ziggurat.
 45931 | Depths:3 | Noticed Asterion
 46472 | Depths:3 | Noticed Boris
 46503 | Depths:3 | Killed Boris
 46930 | Depths:3 | Identified the +8 dagger of Uncertain Death {pierce, Dex+4}
 47413 | Depths:2 | Killed Asterion
 47464 | Depths:3 | Reached XP level 24. HP: 123/133 MP: 39/40
 47639 | Depths:3 | Found the +6 Majin-Bo {vamp, Archmagi MP+6 Int+6}
 47791 | Depths:3 | Learned a level 3 spell: Regeneration
 47866 | Depths:4 | Reached skill level 5 in Dodging
 48049 | Depths:4 | Noticed Jory
 48050 | Depths:4 | Noticed Mennas
 48803 | Depths:4 | Killed Jory
 49118 | Depths:4 | Noticed Frederick
 49125 | Depths:4 | Killed Frederick
 49895 | Depths:4 | Killed Mennas
 50156 | Depths:5 | Entered Level 5 of the Depths
 50477 | Depths:5 | Reached XP level 25. HP: 139/139 MP: 41/41
 50525 | Depths:5 | Reached skill level 10 in Spellcasting
 51143 | Depths:5 | Found a gate to the Realm of Zot.
 51441 | Depths:5 | Reached skill level 10 in Long Blades
 51957 | Slime:1  | Entered Level 1 of the Pits of Slime
 52079 | Slime:1  | Gained mutation: You are occasionally teleported next to
                  | monsters. [a shining eye]
 52272 | Slime:1  | Gained mutation: You occasionally shout uncontrollably at
                  | your foes. [a shining eye]
 52476 | Slime:1  | Gained mutation: You tend to lose your temper in combat. [a
                  | shining eye]
 52798 | Slime:1  | Lost mutation: You tend to lose your temper in combat.
                  | [potion of mutation]
 52798 | Slime:1  | Lost mutation: You have an increased reservoir of magic.
                  | (+10% MP) [potion of mutation]
 52798 | Slime:1  | Lost mutation: You are occasionally teleported next to
                  | monsters. [potion of mutation]
 52798 | Slime:1  | Gained mutation: You are robust. (+10% HP) [potion of
                  | mutation]
 52798 | Slime:1  | Gained mutation: Armour fits poorly on your strangely
                  | shaped body. [potion of mutation]
 52798 | Slime:1  | Gained mutation: Your movements are slightly less
                  | encumbered by armour. (ER -2) [potion of mutation]
 52799 | Slime:1  | Lost mutation: You occasionally shout uncontrollably at
                  | your foes. [potion of mutation]
 52799 | Slime:1  | Lost mutation: You are robust. (+10% HP) [potion of
                  | mutation]
 52799 | Slime:1  | Gained mutation: You have a pair of small horns on your
                  | head. [potion of mutation]
 52799 | Slime:1  | Gained mutation: Your magical capacity is low. (-10% MP)
                  | [potion of mutation]
 52799 | Slime:1  | Gained mutation: Your muscles are strong. (Str +2) [potion
                  | of mutation]
 52942 | Slime:1  | Lost mutation: Your muscles are strong. (Str +2) [potion of
                  | mutation]
 52942 | Slime:1  | Lost mutation: Armour fits poorly on your strangely shaped
                  | body. [potion of mutation]
 52942 | Slime:1  | Lost mutation: Your magical capacity is low. (-10% MP)
                  | [potion of mutation]
 52942 | Slime:1  | Gained mutation: You are clumsy. (Dex -2) [potion of
                  | mutation]
 52942 | Slime:1  | Gained mutation: You are resistant to hostile enchantments.
                  | (MR+) [potion of mutation]
 53154 | Slime:4  | Gained mutation: Armour fits poorly on your strangely
                  | shaped body. [a shining eye]
 53158 | Slime:4  | Gained mutation: Your body sometimes deteriorates upon
                  | taking damage. [a shining eye]
 53186 | Slime:4  | Lost mutation: You have a pair of small horns on your head.
                  | [potion of mutation]
 53186 | Slime:4  | Lost mutation: Your movements are slightly less encumbered
                  | by armour. (ER -2) [potion of mutation]
 53186 | Slime:4  | Lost mutation: You are clumsy. (Dex -2) [potion of
                  | mutation]
 53186 | Slime:4  | Gained mutation: You are somewhat resistant to further
                  | mutation. [potion of mutation]
 53186 | Slime:4  | Gained mutation: Scrolls take you a little longer to read.
                  | [potion of mutation]
 53187 | Slime:4  | Lost mutation: You are somewhat resistant to further
                  | mutation. [potion of mutation]
 53187 | Slime:4  | Lost mutation: Armour fits poorly on your strangely shaped
                  | body. [potion of mutation]
 53187 | Slime:4  | Lost mutation: Scrolls take you a little longer to read.
                  | [potion of mutation]
 53187 | Slime:4  | Lost mutation: You are resistant to hostile enchantments.
                  | (MR+) [potion of mutation]
 53187 | Slime:4  | Gained mutation: You occasionally shout uncontrollably at
                  | your foes. [potion of mutation]
 53187 | Slime:4  | Gained mutation: Your mind is acute. (Int +2) [potion of
                  | mutation]
 53195 | Slime:5  | Entered Level 5 of the Pits of Slime
 53220 | Slime:5  | Found a viscous altar of Jiyva.
 53220 | Slime:5  | Noticed the Royal Jelly
 54125 | Slime:5  | Reached XP level 26. HP: 146/146 MP: 38/38
 54330 | Slime:5  | Killed the Royal Jelly
 54483 | Slime:5  | Got a slimy rune of Zot
 54523 | Slime:5  | Identified the cursed +1 chain mail of the Snake Pit
                  | {rElec} (You found it on level 5 of the Pits of Slime)
 54525 | Slime:5  | Identified Sif Muna's Reference Book on the Icy Mountains
 54539 | Slime:5  | Got an encrusted cloak
 54540 | Slime:5  | Identified the +0 cloak of Distant Worlds {rF+ rCorr} (You
                  | acquired it on level 5 of the Pits of Slime)
 54577 | Slime:5  | Identified the Reference Book on Destructive Orientation
 54603 | Slime:5  | Identified Xeqacam's Compendium of Ashen Toxins
 54708 | Slime:5  | Gained mutation: You are surrounded by a mild repulsion
                  | field. (EV +2) [a shining eye]
 56268 | Elf:1    | You showed the slimy rune of Zot to enter a treasure trove
 56269 | Trove    | Entered a treasure trove
 56299 | Trove    | Identified Kuluott's Almanac of Twisted Moulding
 56301 | Trove    | Identified Sif Muna's Grimoire of Unstable Beguiling
 56325 | Trove    | Got a sparkling sapphire amulet
 56329 | Trove    | Got a clouded silver amulet
 56331 | Trove    | Got a brightly glowing garnet amulet
 56388 | Elf:1    | Identified the amulet "Nuotaff" {Spirit rF+ Str+3} (You
                  | found it in a treasure trove)
 56390 | Elf:1    | Identified the amulet "Doradwo" {Faith rN+ Dex+3} (You
                  | found it in a treasure trove)
 56391 | Elf:1    | Identified the amulet of Suspected Treachery {+Rage SInv}
                  | (You found it in a treasure trove)
 56563 | Orc:2    | Bought a wand of clouds (6) for 390 gold pieces
 56621 | Orc:1    | Bought a potion of haste for 140 gold pieces
 56621 | Orc:1    | Bought a wand of acid (9) for 364 gold pieces
 56661 | Orc:2    | Bought a potion of haste for 140 gold pieces
 56661 | Orc:2    | Bought a potion of agility for 56 gold pieces
 56661 | Orc:2    | Bought a potion of agility for 56 gold pieces
 56690 | Orc:2    | Bought a box of beasts for 260 gold pieces
 56693 | Orc:2    | Learned a level 1 spell: Apportation
 57021 | Depths:5 | Learned a level 5 spell: Bolt of Draining
 57026 | Depths:5 | Learned a level 4 spell: Animate Dead
 57324 | Vaults:5 | Entered Level 5 of the Vaults
 57368 | Vaults:5 | Identified the ring "Mawaghue" {rF- Int+6 Dex+6}
 57380 | Vaults:5 | Noticed an ancient lich
 57393 | Vaults:5 | Killed an ancient lich
 57422 | Vaults:5 | Reached skill level 15 in Conjurations
 57575 | Vaults:5 | Reached XP level 27. HP: 145/152 MP: 38/38
 57700 | Vaults:5 | Noticed an ancient lich
 57710 | Vaults:5 | Killed an ancient lich
 57910 | Vaults:5 | Identified the ring of Dydduemm {*Slow +Inv rC- Int+9 SInv}
 58226 | Vaults:5 | Found the +7 lajatang of Order {silver, rMut}
 58245 | Vaults:5 | Identified the +3 hand crossbow of Zokleb {freeze, +Blink
                  | rPois rF+} (You found it on level 5 of the Vaults)
 58322 | Vaults:5 | Got an encrusted plate armour
 58323 | Vaults:5 | Identified the +7 plate armour "Jyonkis" {Int+2} (You
                  | acquired it on level 5 of the Vaults)
 58396 | Vaults:5 | Found Ucazxy's Magic Scroll Emporium.
 58407 | Vaults:5 | Identified the Incunabulum of Envenoming and Augmentations
 58411 | Vaults:5 | Bought a scroll of identify for 26 gold pieces
 58411 | Vaults:5 | Bought a scroll of identify for 26 gold pieces
 58411 | Vaults:5 | Bought a scroll of identify for 26 gold pieces
 58411 | Vaults:5 | Bought a scroll of identify for 26 gold pieces
 58646 | Vaults:5 | Reached skill level 15 in Armour
 58753 | Vaults:5 | Found Ossir's Distillery.
 58767 | Vaults:5 | Got a silver rune of Zot
 59775 | Depths:2 | Voluntarily entered the Abyss.
 60382 | Abyss:1  | Gained mutation: You are frail. (-10% HP) [a neqoxec]
 60611 | Abyss:1  | Lost mutation: Your mind is acute. (Int +2) [potion of
                  | mutation]
 60611 | Abyss:1  | Lost mutation: Your body sometimes deteriorates upon taking
                  | damage. [potion of mutation]
 60611 | Abyss:1  | Lost mutation: You occasionally shout uncontrollably at
                  | your foes. [potion of mutation]
 60611 | Abyss:1  | Lost mutation: You are frail. (-10% HP) [potion of
                  | mutation]
 60611 | Abyss:1  | Gained mutation: You regenerate. [potion of mutation]
 60611 | Abyss:1  | Gained mutation: Your flesh is heat resistant. (rF+)
                  | [potion of mutation]
 60821 | Abyss:2  | Found a snail-covered altar of Cheibriados.
 61108 | Abyss:3  | Reached skill level 19 in Invocations
 61140 | Abyss:3  | Found a corrupted altar of Lugonu.
 61145 | Abyss:3  | Got an abyssal rune of Zot
 61383 | Abyss:3  | Identified the +5 large shield "Forget-Me-Not" {rC- MR+
                  | rCorr Dex+8}
 61433 | Depths:2 | Escaped the Abyss
 61439 | Depths:2 | Learned a level 4 spell: Passage of Golubria
 61546 | Zot:1    | Entered Level 1 of the Realm of Zot
 61562 | Zot:1    | Noticed an orb of fire
 61583 | Zot:1    | Killed an orb of fire
 62528 | Zot:2    | Found a runed door.
 62532 | Zot:2    | Noticed Paeq's ghost (legendary MfAs)
 62583 | Zot:2    | Killed Paeq's ghost
 62641 | Zot:2    | Noticed an orb of fire
 62680 | Zot:2    | Gained mutation: Scrolls take you a little longer to read.
                  | [an orb of fire]
 62693 | Zot:2    | Killed an orb of fire
 63137 | Zot:2    | You fall through a shaft!
 63219 | Zot:3    | Reached skill level 20 in Invocations
 63824 | Zot:3    | Noticed an ancient lich
 63829 | Zot:3    | Found a transporter.
 63830 | Zot:3    | Found a radiant altar of Vehumet.
 63835 | Zot:3    | Noticed an orb of fire
 64506 | Zot:4    | Reached skill level 10 in Dodging
 65118 | Zot:4    | Found the +7 longbow "Piercer" {penet, EV-2}
 65417 | Zot:5    | Entered Level 5 of the Realm of Zot
 65598 | Zot:5    | Identified the +4 plate armour of the Slightly Bent {-Cast
                  | MR++ Int+5} (You found it on level 5 of the Realm of Zot)
 66605 | Zot:5    | Noticed an ancient lich
 66612 | Zot:5    | Killed an ancient lich
 66647 | Zot:5    | Noticed an orb of fire
 66649 | Zot:5    | Reached skill level 21 in Invocations
 66659 | Zot:5    | Noticed an orb of fire
 66660 | Zot:5    | Gained mutation: Your mind is acute. (Int +2) [an orb of
                  | fire]
 66685 | Zot:5    | Noticed an ancient lich
 66696 | Zot:5    | Noticed an ancient lich
 66705 | Zot:5    | Killed an orb of fire
 66708 | Zot:5    | Gained mutation: You have large cloven feet. [an orb of
                  | fire]
 66721 | Zot:5    | Gained mutation: You are frail. (-10% HP) [an orb of fire]
 66725 | Zot:5    | Killed an orb of fire
 66735 | Zot:5    | Killed an ancient lich
 66739 | Zot:5    | Killed an ancient lich
 67497 | Zot:5    | Upgraded the game from 0.23-a0-629-gae4348f to
                  | 0.23-a0-632-gb80182b
 68588 | Shoals:3 | Learned a level 5 spell: Borgnjor's Vile Clutch
 68593 | Shoals:3 | Learned a level 2 spell: Passwall
 69002 | Vaults:2 | Bought 2 scrolls of enchant weapon for 180 gold pieces
 69757 | Pan      | Entered Pandemonium
 69771 | Pan      | Reached skill level 1 in Earth Magic
 70046 | Pan      | Noticed Cixynl Sakh the pandemonium lord
 70146 | Pan      | Reached skill level 22 in Invocations
 70736 | Pan      | Noticed Myhyps the pandemonium lord
 70761 | Pan      | Entered the realm of Cerebov.
 71256 | Pan      | Reached skill level 5 in Earth Magic
 71294 | Pan      | Identified the +6 sword of Cerebov {flame}
 71294 | Pan      | Noticed Cerebov
 71295 | Pan      | Killed Cerebov
 71383 | Pan      | Identified the Volume of Stones and Good Luck
 71389 | Pan      | Identified the cursed +0 helmet of the Equator {+Fly rPois
                  | Dex-4 Slay-5} (You found it in Pandemonium)
 71392 | Pan      | Identified the cursed +0 cloak of Okawaru's Scorn {*Contam
                  | +Inv Dex+4} (You found it in Pandemonium)
 71397 | Pan      | Identified the +0 hand crossbow "Dotehag" {elec, Int+3
                  | Dex+6} (You found it in Pandemonium)
 71428 | Pan      | Identified the +7 chain mail of Sunlight {Stlth+} (You
                  | found it in Pandemonium)
 71458 | Pan      | Got a flickering wooden ring
 71461 | Pan      | Identified the ring of Locwegaofe {*Tele +Fly} (You found
                  | it in Pandemonium)
 71476 | Pan      | Got a fiery rune of Zot
 71550 | Pan      | Entered the realm of Gloorx Vloq.
 71738 | Pan      | Noticed Gloorx Vloq
 71739 | Pan      | Killed Gloorx Vloq
 71768 | Pan      | Got a dark rune of Zot
 72226 | Pan      | Identified the +9 hunting sling of Nemelex Xobeh {freeze,
                  | rC+ Int-4 Stlth+} (You found it in Pandemonium)
 72755 | Pan      | Entered the realm of Mnoleg.
 72796 | Pan      | Found an exit through the horrors of the Abyss.
 72868 | Pan      | Learned a level 6 spell: Iron Shot
 73046 | Pan      | Noticed Mnoleg
 73056 | Pan      | Paralysed by a floating eye for 4 turns
 73069 | Pan      | Paralysed by a floating eye for 2 turns
 73077 | Pan      | Paralysed by a floating eye for 3 turns
 73080 | Pan      | Mangled by a large abomination

Vault maps used:
D:1:      dpeg_arrival_pond
D:2:      chequers_ecumenical_altar_grove, nrook_uturn, grunt_ministairs_15,
          uniq_sigmund
D:4:      kennysheep_goblin_castle, makhleb_grotto_becter,
          kennysheep_slug_shrine, kennysheep_mini, serial_undead,
          serial_undead_e, serial_undead_a, serial_undead_e, serial_undead_b,
          serial_undead_f, serial_undead_c
D:5:      chequers_temple_overflow_statue_of_worship, first_ration,
          serial_shops, shop, kennysheep_cluttered_room, elyvilon_altar_5,
          uniq_eustachio, uniq_ijyb, uniq_grinder, uniq_menkaure
D:6:      lemuel_crystal_altar, nicolae_overflow_hidden_temple, tso_oasis_becter
D:7:      overflow_temple_1_default, minmay_temple_entry_antechambers,
          basic_altar
D:8:      grunt_temple_overflow_gold_and_silver, grunt_qazlal_clouds,
          uniq_joseph
D:9:      wad_statue_garden, the_bakery
D:10:     david_lair_generic, serial_shops, nicolae_shop_crystal, shop, shop,
          nicolae_shop_trees, shop
D:11:     minmay_the_grid_3x3, david_orc_3, hangedman_parallel_progression
D:12:     uniq_sonja
D:13:     minmay_slanted_spiral_squares, erik_vaults_1, uniq_nessos,
          uniq_josephine
D:14:     basic_altar, chequers_serial_rivers_room_b
D:15:     hangedman_depths_entry_try_elsewhere_first
Lair:1:   minivault_26, infiniplex_staircase_pool_2
Lair:2:   elwin_shoals_entry_stream, serial_bayou_pond_b, minivault_19,
          columned_hall_lemuel, uniq_gastronok
Lair:3:   grunt_megastairs_3
Lair:4:   statuecave_lemuel, spider_nest_entry_web_field,
          gauntlet_entry_generic, ebering_ghost_inner_flame
Lair:5:   serial_bayou_pond_b
Lair:6:   grunt_lair_end_beastmaster, minmay_slime_entry_pillars,
          serial_bayou_shore_b, infiniplex_staircase_pool, grunt_megastairs_2,
          uniq_urug
Shoals:1: regret_index_shoals_crete
Shoals:2: nicolae_shoals_cliffside_cave
Shoals:4: shoals_end_simple, uniq_nikola
Spider:1: spider_trap
Spider:2: uniq_jorgrun
Spider:4: grunt_spider_rune_circles
Orc:1:    serial_shops, nicolae_shop_stone
Orc:2:    pf_orc_diabolical, mines1_david
Elf:1:    elf_arrival_002, serial_shops, shop, trove_entry_hex_spiral,
          minmay_elf_necromancy, einodemon_barbed_minivault
Elf:2:    serial_shops, shop
Elf:3:    minmay_elf_hall_spiked, serial_shops, nicolae_shop_crystal
Vaults:1: v_misc_19, hangedman_vaults_stream, vaults_dpeg_diagonal,
          dpeg_vaults_monster_box, nicolae_vaults_arrows, vaults_room_pools,
          nicolae_vaults_circle_grid_a, v_pattern_2, vaults_standard_mumra_x,
          v_alt_pattern_1, v_misc_26, serial_shops, shop_statue
Vaults:2: v_rooms_3, ontoclasm_vaults_spin, nicolae_vaults_rhombus_6, v_misc_16,
          hangedman_vaults_nails, vaults_mumra_minichess, sword_in_stone,
          nicolae_vaults_what_the_h, ontoclasm_vaults_ring_large,
          vaults_room_pools, vaults_room_door_hall,
          hangedman_vaults_corner_blocks, serial_shops, shop, uniq_saint_roka
Vaults:3: nicolae_vaults_shelves_hall, vaults_dpeg_cross, v_misc_2,
          nicolae_vaults_theta, nicolae_vaults_circle_grid_b,
          nicolae_vaults_twisting_passages, v_misc_13,
          vaults_mumra_chevron_long, vaults_room_large_hall,
          nicolae_vaults_yaktaur_gun_rack, ontoclasm_vaults_gateway,
          vaults_dpeg_hooks, dummy_crypt_entry, uniq_mara, uniq_sojobo,
          uniq_boris
Vaults:4: v_alt_pattern_2, v_rooms_2, nicolae_vaults_mini_display_case,
          ontoclasm_vaults_bender, vaults_room_octagon,
          ontoclasm_vaults_loading_screen, nicolae_vaults_little_squares_3,
          vaults_room_hallway
Depths:1: hell_entry, minmay_misc_feat_room, lemuel_flamethrower_3
Depths:2: cross_vault, enter_ziggurat_d, hangedman_coc_ice_floe,
          serial_column_ruins, column_ruins_portal_astroid, column_ruins_grid_1,
          column_ruins_columns_corner, column_ruins_grid_2,
          column_ruins_open_tiny, column_ruins_corridor_straight,
          abyss_entry_flame_altar, dk_noncrumbling_4, dispersion_dpeg,
          minmay_staircase_windowed_large, firewood_loft
Depths:3: minmay_guarded_unrand_majin_bo, minmay_misc_feat_doors,
          rand_demon_pan_entry_1, grunt_mini_vestibule, minmay_pinched_square,
          infiniplex_staircase_river, uniq_boris, uniq_asterion
Depths:4: evilmike_diamond_2, abyss_entry, pf_vacation_house_of_asmodeus,
          serial_glass, glass_columns_a, glass_columns_a, hangedman_glass_teeth,
          hangedman_corner_corridor, infiniplex_staircase_spiral_double,
          uniq_jory, uniq_frederick, uniq_mennas
Depths:5: grunt_zot_entry_pinwheel, pf_hell_entry_tar_spiral,
          nicolae_lava_and_water
Zot:2:    ebering_ghost_inner_flame, st_stairs_6
Zot:3:    gammafunk_sealed_library
Zot:5:    kennysheep_underground_church
Abyss:2:  evilmike_abyss_exit_chaos
Abyss:3:  evilmike_abyss_exit_9
Pan:      grunt_pan_spiral, reaverb_pan_squares, evilmike_mini_pan_corner,
          evilmike_mini_pan_corner, evilmike_mini_pan_pillars, rand_demon_3,
          pan_blood_fountain, cerebov_grunt, pan_blood_fountain_small,
          gloorx_vloq_grunt, pan_blood_fountain_small, rand_demon_8,
          uniq_ignacio, mnoleg_st
Trove:    trove_garden
Gauntlet: gammafunk_gauntlet_shortcut

Skill      XL: |  1  2  3  4  5  6  7  8  9 10 11 12 13 14 15 16 17 18 19 20 21 22 23 24 25 26 27 |
---------------+----------------------------------------------------------------------------------+-----
Long Blades    | 2 4 5 7 9 11 12 | 12.9
Fighting       | 3 4 5 6 7 8 10 11 12 13 14 15 16 17 18 19 | 19.0
Shields        | 3 4 5 6 7 8 10 11 12 13 14 15 | 15.0
Invocations    | 1 2 3 4 5 7 8 10 11 12 13 14 15 16 17 18 22 | 22.9
Short Blades   | 1 3 5 7 8 9 |  9.4
Stealth        | 1 3 5 7 9 10 11 12 13 14 15 20 | 20.5
Spellcasting   | 2 3 5 7 8 9 10 | 10.0
Hexes          | 2 3 5 7 9 |  9.0
Evocations     | 4 6 7 8 9 10 | 10.0
Necromancy     | 2 5 7 |  7.1
Slings         | 1 5 6 7 8 9 11 13 14 | 14.4
Translocations | 2 4 5 |  5.0
Conjurations   | 4 6 8 9 11 12 13 15 18 | 18.0
Armour         | 6 9 11 12 13 14 15 | 15.0
Dodging        | 1 4 5 14 | 14.4
Earth Magic    | 8 |  8.9

Action                   |  1- 3 |  4- 6 |  7- 9 | 10-12 | 13-15 | 16-18 | 19-21 | 22-24 | 25-27 || total
-------------------------+-------+-------+-------+-------+-------+-------+-------+-------+-------++-------
Melee: Long sword        |    86 |   111 |    78 |       |       |       |       |       |       ||   275
       Bite              |    26 |    36 |    74 |   123 |   308 |   452 |   495 |   752 |  1380 ||  3646
       Short sword       |       |       |   175 |   391 |   900 |  1176 |  1116 |  1280 |  1977 ||  7015
       Falchion          |       |       |       |       |       |       |    18 |   185 |   321 ||   524
       Headbutt          |       |       |       |       |       |       |       |       |    22 ||    22
       Kick              |       |       |       |       |       |       |       |       |   268 ||   268
       Eudemon blade     |       |       |       |       |       |       |       |       |    70 ||    70
 Fire: Hunting sling     |       |    27 |    19 |     7 |    12 |       |       |       |       ||    65
       Fustibalus        |       |       |       |       |    59 |   326 |   140 |   241 |   851 ||  1617
Throw: Javelin           |       |       |       |       |       |       |     2 |     2 |     2 ||     6
       Throwing net      |       |       |       |       |       |       |       |       |     1 ||     1
 Cast: Confusing Touch   |       |       |       |       |     6 |     2 |     4 |     4 |       ||    16
       Corpse Rot        |       |       |       |       |       |     1 |       |       |       ||     1
       Portal Projectile |       |       |       |       |       |       |     4 |     5 |    11 ||    20
       Animate Dead      |       |       |       |       |       |       |       |       |     5 ||     5
       Tukima's Dance    |       |       |       |       |       |       |       |       |     6 ||     6
       Regeneration      |       |       |       |       |       |       |       |       |     4 ||     4
       Bolt of Draining  |       |       |       |       |       |       |       |       |     2 ||     2
       Blink             |       |       |       |       |       |       |       |       |     1 ||     1
       Orb of Destructio |       |       |       |       |       |       |       |       |     1 ||     1
Invok: Line Pass         |       |     1 |       |     3 |     2 |     4 |     1 |     1 |       ||    12
       Stomp             |       |       |     1 |       |     5 |       |     1 |     3 |     6 ||    16
       Grand Finale      |       |       |       |       |       |       |     1 |     1 |     8 ||    10
 Abil: Evoke Invisibilit |       |       |       |     3 |    22 |     7 |     6 |     1 |     6 ||    45
       Evoke Flight      |       |       |       |       |     1 |       |       |       |       ||     1
Evoke: Wand              |       |       |       |       |    12 |     6 |     2 |     5 |    14 ||    39
       Phial of floods   |       |       |       |       |     1 |     5 |     2 |     4 |     8 ||    20
       Fan of gales      |       |       |       |       |     1 |       |       |       |       ||     1
       Box of beasts     |       |       |       |       |       |     2 |     3 |     5 |     3 ||    13
       Lamp of fire      |       |       |       |       |       |     1 |     4 |     7 |    14 ||    26
       Sack of spiders   |       |       |       |       |       |       |     4 |     6 |     7 ||    17
       Lightning rod     |       |       |       |       |       |       |     1 |     7 |     9 ||    17
       Phantom mirror    |       |       |       |       |       |       |       |     2 |     1 ||     3
  Use: Scroll            |       |     4 |     8 |    12 |    14 |    20 |     4 |     6 |    42 ||   110
       Potion            |       |       |       |       |     3 |     3 |       |     1 |    20 ||    27
 Stab: Paralysed         |       |     1 |     9 |    31 |    69 |    72 |   112 |   117 |   206 ||   617
       Sleeping          |       |       |     7 |    14 |    25 |    10 |    44 |    21 |    34 ||   155
       Invisible         |       |       |       |     3 |    30 |    10 |    10 |     3 |    10 ||    66
       Confused          |       |       |       |     1 |     5 |     3 |       |     5 |       ||    14
       Petrified         |       |       |       |       |     3 |       |       |       |       ||     3
       Petrifying        |       |       |       |       |     1 |       |       |       |       ||     1
       Distracted        |       |       |       |       |       |     2 |     2 |     9 |    23 ||    36
       Held in net/web   |       |       |       |       |       |     2 |       |       |       ||     2
  Eat: Chunk             |     1 |     6 |    11 |    15 |    22 |    28 |    27 |    34 |    27 ||   171
       Ration            |       |       |       |     1 |     5 |     3 |     2 |       |    16 ||    27
Armor: Scale mail        |    35 |    33 |    26 |    63 |   124 |       |       |       |       ||   281
       Leather armour    |       |       |    28 |     5 |       |       |       |       |       ||    33
       Chain mail        |       |       |       |    33 |    62 |   522 |   247 |   448 |   568 ||  1880
Dodge: Dodged            |    27 |    28 |    57 |    56 |   137 |   227 |   106 |   267 |   646 ||  1551
Block: Shield            |    48 |    34 |   106 |   143 |   382 |   798 |   463 |   780 |  1312 ||  4066
       Reflection        |       |       |       |       |       |       |       |       |    18 ||    18
       Rpst.: Long sword |     6 |     8 |     6 |       |       |       |       |       |       ||    20
       Falchion          |       |       |       |       |       |       |       |     5 |    19 ||    24
       Eudemon blade     |       |       |       |       |       |       |       |       |     2 ||     2

Table legend:
 A = Non-vault XP
 B = Vault XP
 C = Vault XP percentage of total XP
 D = Non-vault monster count
 E = Vault monster count
 F = Vault count percentage of total count
                 A         B        C        D         E       F
            +---------+---------+-------+---------+---------+-------
      Total | 1147672 |  904401 |  44.1 |    1994 |     889 |  30.8
            +---------+---------+-------+---------+---------+-------
        D:1 |      42 |       0 |   0.0 |      23 |       0 |   0.0
        D:2 |      57 |     227 |  79.9 |      21 |       3 |  12.5
        D:3 |      40 |       0 |   0.0 |      13 |       0 |   0.0
        D:4 |     499 |     106 |  17.5 |      17 |      24 |  58.5
        D:5 |    1353 |     685 |  33.6 |      14 |       4 |  22.2
        D:6 |     689 |       0 |   0.0 |      24 |       0 |   0.0
        D:7 |    1307 |       0 |   0.0 |      27 |       0 |   0.0
        D:8 |    1664 |     455 |  21.5 |      18 |       1 |   5.3
        D:9 |     673 |    1787 |  72.6 |      12 |      14 |  53.8
       D:10 |    2064 |    1796 |  46.5 |      22 |       5 |  18.5
       D:11 |    4566 |    9403 |  67.3 |      23 |      70 |  75.3
       D:12 |    8392 |     788 |   8.6 |      53 |       1 |   1.9
       D:13 |    7912 |    7907 |  50.0 |      27 |      23 |  46.0
       D:14 |    1915 |       0 |   0.0 |       7 |       0 |   0.0
       D:15 |   14903 |    2584 |  14.8 |      36 |       4 |  10.0
     Lair:1 |    2056 |       0 |   0.0 |      13 |       0 |   0.0
     Lair:2 |    4038 |    3979 |  49.6 |      16 |       7 |  30.4
     Lair:3 |    5450 |     137 |   2.5 |      22 |       1 |   4.3
     Lair:4 |    5328 |    2817 |  34.6 |      16 |       3 |  15.8
     Lair:5 |    3894 |     382 |   8.9 |      14 |       1 |   6.7
     Lair:6 |   11303 |   14172 |  55.6 |      38 |      27 |  41.5
   Shoals:1 |   14819 |    7226 |  32.8 |      34 |      13 |  27.7
   Shoals:2 |   15348 |       0 |   0.0 |      33 |       0 |   0.0
   Shoals:3 |   25552 |    3016 |  10.6 |      55 |       1 |   1.8
   Shoals:4 |   10145 |   18066 |  64.0 |      24 |      31 |  56.4
   Spider:1 |    8890 |       0 |   0.0 |      23 |       0 |   0.0
   Spider:2 |   18380 |    2895 |  13.6 |      46 |       1 |   2.1
   Spider:3 |   22006 |    1867 |   7.8 |      64 |       2 |   3.0
   Spider:4 |   13974 |   21145 |  60.2 |      35 |      35 |  50.0
    Slime:1 |   27251 |       0 |   0.0 |      34 |       0 |   0.0
    Slime:2 |   24326 |       0 |   0.0 |      30 |       0 |   0.0
    Slime:3 |   13007 |       0 |   0.0 |      25 |       0 |   0.0
    Slime:4 |   25794 |     281 |   1.1 |      63 |       1 |   1.6
    Slime:5 |   14337 |   33883 |  70.3 |      28 |      17 |  37.8
      Orc:1 |    3863 |       0 |   0.0 |      27 |       0 |   0.0
      Orc:2 |    4908 |   16945 |  77.5 |      29 |      65 |  69.1
      Elf:1 |   28796 |    8058 |  21.9 |      43 |      18 |  29.5
      Elf:2 |   18715 |   25912 |  58.1 |      28 |      30 |  51.7
      Elf:3 |   20599 |   50372 |  71.0 |      37 |      36 |  49.3
   Vaults:1 |   18680 |   27535 |  59.6 |      39 |      57 |  59.4
   Vaults:2 |   28773 |   32112 |  52.7 |      56 |      38 |  40.4
   Vaults:3 |   36042 |   29149 |  44.7 |      64 |      25 |  28.1
   Vaults:4 |   25500 |    3951 |  13.4 |      45 |       6 |  11.8
   Vaults:5 |   44087 |  146983 |  76.9 |      64 |      93 |  59.2
   Depths:1 |   31482 |       0 |   0.0 |      42 |       0 |   0.0
   Depths:2 |   35381 |   19715 |  35.8 |      55 |      12 |  17.9
   Depths:3 |   29575 |   39153 |  57.0 |      35 |      31 |  47.0
   Depths:4 |   53050 |   61888 |  53.8 |      54 |      36 |  40.0
   Depths:5 |   35394 |   27494 |  43.7 |      37 |      16 |  30.2
      Zot:1 |   51704 |       0 |   0.0 |      25 |       0 |   0.0
      Zot:2 |   72853 |   13775 |  15.9 |      34 |       4 |  10.5
      Zot:3 |   35267 |    4925 |  12.3 |      22 |       3 |  12.0
      Zot:4 |   37701 |       0 |   0.0 |      24 |       0 |   0.0
      Zot:5 |   45590 |  146913 |  76.3 |      29 |      48 |  62.3
    Abyss:1 |   29469 |       0 |   0.0 |      69 |       0 |   0.0
    Abyss:2 |    9598 |       0 |   0.0 |      15 |       0 |   0.0
    Abyss:3 |   32441 |   20471 |  38.7 |      35 |      14 |  28.6
        Pan |  106230 |   90522 |  46.0 |     136 |      62 |  31.3
   Gauntlet |       0 |    2924 | 100.0 |       0 |       6 | 100.0
            +---------+---------+-------+---------+---------+-------
